 Dungeon Crawl Stone Soup version 0.17.0-28-g6e173f8 (webtiles) character file.

53279 Helmschank the Black Belt (level 14, -5/110 HPs)
             Began as a Vampire Monk on Nov 25, 2015.
             Was the Champion of Makhleb.
             Slain by an anaconda (13 damage)
             ... on level 1 of the Snake Pit on Nov 26, 2015.
             The game lasted 02:19:08 (32913 turns).

Helmschank the Black Belt (Vampire Monk)           Turns: 32913, Time: 02:19:08

Health: -5/110     AC:  0    Str:  6    XL:     14   Next: 30%
Magic:  18/20      EV: 31    Int: 14    God:    Makhleb [******]
Gold:   2197       SH:  0    Dex: 24    Spells: 3 memorised, 8 levels left

rFire  . . .     SeeInvis +       - Unarmed
rCold  + + .     Clarity  .     (armour currently unavailable)
rNeg   + + +     SustAt   .     (shield currently unavailable)
rPois  +         Gourm    .     (helmet currently unavailable)
rElec  .         Spirit   .     (cloak currently unavailable)
rCorr  .         Warding  +     (gloves currently unavailable)
rMut   .         Stasis   .     (boots currently unavailable)
MR     +....                    D - amulet of warding
Stlth  +++++++...               (ring currently unavailable)
                                (ring currently unavailable)

@: lethally poisoned (-5 -> -27), bat-form, flying, regenerating slowly,
constricted, very quick, somewhat resistant to hostile enchantments, extremely
stealthy
A: (fangs 0), see invisible, (unbreathing)
a: End Transformation, Minor Destruction, Lesser Servant of Makhleb, Major
Destruction, Greater Servant of Makhleb, Renounce Religion


You were on level 1 of the Snake Pit.
You worshipped Makhleb.
Makhleb was exalted by your worship.
You were near bloodless.
You were in vampire-bat-form.
You visited 5 branches of the dungeon, and saw 22 of its levels.
You also visited: Labyrinth.

You collected 2410 gold pieces.
You spent 213 gold pieces at shops.

Inventory:

Hand Weapons
 b - a +6 blowgun
Missiles
 s - 4 curare-tipped needles
 w - 44 poisoned needles
 X - 15 tomahawks (quivered)
Armour
 a - a +2 buckler (melded)
 i - a +2 helmet (melded)
 n - a +2 pair of boots (melded)
 t - a +2 cloak (melded)
 u - a +2 robe of cold resistance (melded)
 P - a +1 leather armour of fire resistance
 T - a +2 pair of gloves of strength (melded)
Jewellery
 c - a +3 ring of intelligence (melded)
 f - a +4 ring of evasion (melded)
 D - an amulet of warding (around neck)
Wands
 g - a wand of flame (30)
 h - a wand of disintegration (17)
 r - a wand of fireball (4)
 x - a wand of confusion (25)
 B - a wand of disintegration (10)
 C - a wand of teleportation (3)
 E - a wand of enslavement (12)
 Q - a wand of hasting (6)
 R - a wand of lightning (1)
 Y - a wand of paralysis (5)
Scrolls
 y - 3 scrolls of magic mapping
 A - a scroll of torment
 F - 3 scrolls of fear
 G - 4 scrolls of blinking
 I - a scroll of summoning
 J - a scroll of recharging
 K - 2 scrolls of teleportation
 L - 4 scrolls of fog
 O - 5 scrolls of remove curse
 Z - a scroll of silence
Potions
 e - 2 potions of magic {unknown}
 j - 2 potions of haste
 k - 2 potions of flight
 l - 6 potions of curing
 m - a potion of ambrosia {unknown}
 o - 7 potions of heal wounds
 p - a potion of invisibility {unknown}
 q - 59 potions of blood
 v - a potion of berserk rage {unknown}
 z - a potion of might {unknown}
 H - 2 potions of cancellation
 V - 2 potions of agility
Miscellaneous
 d - a sack of spiders


   Skills:
 - Level 10.0 Fighting
 - Level 4.0 Throwing
 - Level 3.0 Armour
 - Level 11.0 Dodging
 - Level 12.0 Stealth
 - Level 5.5 Shields
 + Level 15.2 Unarmed Combat
 - Level 6.1 Invocations
 - Level 8.0 Evocations


You had 8 spell levels left.
You knew the following spells:

 Your Spells              Type           Power        Failure   Level  Hunger
x - Animate Skeleton      Necr           N/A          30%         1    ##.....
Q - Swiftness             Chrm/Air       #.......     43%         2    ###....
R - Repel Missiles        Chrm/Air       #.....       43%         2    ###....


Dungeon Overview and Level Annotations

Branches:
Dungeon (10/15)            Temple (1/1) D:6            Lair (7/8) D:9
 Shoals (0/4) Lair:6        Snake (1/4) Lair:5        Slime (0/6) Lair:6
    Orc (3/4) D:10
    Elf: Orc:3-4

Altars:
Ashenzari
Cheibriados
Dithmenos
Elyvilon
Fedhas
Gozag
Kikubaaqudgha
Makhleb
Nemelex Xobeh
Okawaru
Qazlal
Ru
Sif Muna
Trog
Vehumet
Xom
Yredelemnul
Zin
The Shining One
Beogh
Jiyva

Shops:
D:7 ?   Orc:1 %


Innate Abilities, Weirdness & Mutations

You heal slowly.
((You have razor-sharp teeth.))
You have supernaturally acute eyesight.
((You can survive without breathing.))


Message History

The anaconda bites you but does no damage.
* * * LOW HITPOINT WARNING * * *
The anaconda constricts you.
You take 13 damage, and have 17/110 hp.
You turn into a vampire bat.
Your +2 cloak melds into your body.
Your +2 helmet melds into your body.
Your +2 pair of gloves of strength melds into your body.
Your +2 pair of boots melds into your body.
Your +2 buckler melds into your body.
Your +2 robe of cold resistance melds into your body.
Your +4 ring of evasion melds into your body.
Your +3 ring of intelligence melds into your body.
You feel weaker.
You feel less resistant to cold.
You feel stupid. The black mamba bites you!
* * * LOW HITPOINT WARNING * * *
You are lethally poisoned!
The black mamba poisons you! The anaconda bites you!
You die...

#.#.##..##....##
#.#.##..#..###..
#####.#.###...# ...
..........(.. ...
....#....... ...
...#.....) ...
#..(.......
####S....>....######
#..b#........##.8.##
#...S........#.....#
#....#.......#8.>..'
###..........#.....#
####..........##.8.##
#..............######
#..............).....
#...............####.
########.......## ##


You could see an anaconda and a black mamba.

Vanquished Creatures
  Rupert (Lair:7)
  A minotaur (Lab)
  Snorg (Lair:6)
  Fannar (Lair:3)
  3 hydras
  Erica (Lair:1)
  An anaconda (Snake:1)
  2 death yaks
  A naga sharpshooter (Snake:1)
  2 deep elf knights (D:10)
  Pikel (D:4)
  An orc knight (Orc:1)
  2 mana vipers (Snake:1)
  9 elephants
  A siren (Lair:6)
  3 griffons
  Maurice (D:8)
  8 black mambas
  8 spiny frogs
  A naga mage (Snake:1)
  5 komodo dragons
  A torpor snail (Lair:7)
  4 fire drakes
  A two-headed ogre (D:8)
  4 trolls
  Grinder (D:3)
  Prince Ribbit (D:6)
  A boulder beetle (Lair:7)
  23 blink frogs
  59 yaks
  2 basilisks
  A deep elf mage (D:10)
  A human (D:7)
  Grum (D:10)
  A hungry ghost (D:9)
  Menkaure (D:5)
  9 wolves
  Edmund (D:5)
  10 hippogriffs
  14 porcupines
  18 orc warriors
  3 ogres
  9 ice beasts
  3 nagas (Snake:1)
  2 phantoms
  10 water moccasins
  A slave (D:4)
  A swamp drake (D:10)
  A centaur (D:10)
  17 giant frogs
  5 crocodiles
  A big kobold (D:8)
  4 wights (D:7)
  4 killer bees (D:10)
  8 crimson imps
  4 electric eels (D:9)
  25 orc priests
  4 jellies
  Crazy Yiuf (D:3)
  A quasit (D:9)
  5 hounds (D:9)
  A giant frog skeleton (D:4)
  21 orc wizards
  2 hell rats (Lair:5)
  8 iguanas
  7 worker ants
  19 sheep
  A hound skeleton (D:7)
  A hound zombie (D:8)
  4 gnolls (D:3)
  2 worker ant zombies (D:7)
  14 adders
  51 river rats
  A shadow imp (D:5)
  2 oozes
  3 worms
  An adder skeleton (D:8)
  5 giant geckos
  130 orcs
  8 giant cockroaches
  8 hobgoblins
  14 kobolds
  8 quokkas
  A ball python (D:3)
  7 bats
  7 giant newts
  7 goblins
  18 jackals
  3 quokka skeletons
  9 rats
  2 fungi
682 creatures vanquished.

Vanquished Creatures (collateral kills)
  A porcupine (Lair:2)
  An orc (D:9)
  A fungus (Lair:6)
3 creatures vanquished.

Vanquished Creatures (others)
  3 orcs
  7 fungi
  3 plants
13 creatures vanquished.

Grand Total: 698 creatures vanquished

Notes
Turn   | Place    | Note
--------------------------------------------------------------
     0 | D:1      | Helmschank the Vampire Monk began the quest for the Orb.
     0 | D:1      | Reached XP level 1. HP: 17/17 MP: 1/1
   237 | D:1      | Reached XP level 2. HP: 13/23 MP: 2/2
   429 | D:1      | Reached skill level 5 in Unarmed Combat
  1059 | D:2      | Reached XP level 3. HP: 28/28 MP: 3/3
  2227 | D:2      | Reached skill level 6 in Unarmed Combat
  2292 | D:3      | Reached XP level 4. HP: 32/34 MP: 4/4
  2433 | D:3      | Noticed Crazy Yiuf
  3279 | D:3      | Noticed Grinder
  3280 | D:3      | Paralysed by Grinder for 3 turns
  3287 | D:3      | Paralysed by Grinder for 2 turns
  3918 | D:3      | Killed Crazy Yiuf
  3918 | D:3      | Reached XP level 5. HP: 37/39 MP: 5/5
  3948 | D:3      | Killed Grinder
  3948 | D:3      | Reached XP level 6. HP: 21/46 MP: 6/6
  4533 | D:3      | Reached skill level 7 in Dodging
  5148 | D:4      | Reached XP level 7. HP: 48/52 MP: 7/7
  5921 | D:5      | Entered Level 5 of the Dungeon
  5948 | D:5      | Reached skill level 1 in Shields
  6039 | D:5      | Found a radiant altar of Vehumet.
  6039 | D:5      | Found a bloodstained altar of Trog.
  6044 | D:5      | Found a blossoming altar of Fedhas.
  6062 | D:5      | Noticed Menkaure
  6078 | D:5      | Killed Menkaure
  6436 | D:5      | Noticed Pikel
  7304 | D:4      | Killed Pikel
  7304 | D:4      | Reached skill level 5 in Shields
  7304 | D:4      | Reached XP level 8. HP: 51/60 MP: 8/8
  7516 | D:5      | Noticed Edmund
  7540 | D:5      | Killed Edmund
  8882 | D:6      | Noticed Prince Ribbit
  8897 | D:6      | Killed Prince Ribbit
  8897 | D:6      | Reached skill level 8 in Unarmed Combat
  9098 | D:6      | Found a staircase to the Ecumenical Temple.
  9104 | Temple   | Entered the Ecumenical Temple
  9256 | Temple   | Became a worshipper of Makhleb the Destroyer
  9256 | Temple   | Reached * piety under Makhleb
  9256 | Temple   | Reached ** piety under Makhleb
  9901 | D:7      | Reached skill level 9 in Unarmed Combat
  9927 | D:7      | Reached skill level 1 in Invocations
  9927 | D:7      | Reached XP level 9. HP: 65/65 MP: 8/10
 10366 | D:7      | Found Maosigu's Magic Scroll Boutique.
 10425 | D:7      | Bought a scroll of amnesia for 45 gold pieces
 10425 | D:7      | Bought a scroll of noise for 13 gold pieces
 10425 | D:7      | Bought a scroll of random uselessness for 13 gold pieces
 10425 | D:7      | Bought a scroll of fear for 45 gold pieces
 10425 | D:7      | Bought a scroll of blinking for 97 gold pieces
 10475 | D:7      | Reached *** piety under Makhleb
 10513 | D:7      | Reached skill level 5 in Stealth
 11189 | D:8      | Reached skill level 10 in Unarmed Combat
 11466 | D:8      | Noticed Maurice
 11505 | D:8      | Killed Maurice
 11577 | D:9      | Reached **** piety under Makhleb
 11618 | D:9      | Reached skill level 11 in Unarmed Combat
 11630 | D:9      | Reached XP level 10. HP: 66/71 MP: 13/13
 12113 | D:9      | Reached skill level 12 in Unarmed Combat
 12145 | D:9      | Reached skill level 5 in Fighting
 12609 | D:9      | Found a staircase to the Lair.
 13870 | D:9      | Learned a level 1 spell: Animate Skeleton
 13873 | D:9      | Learned a level 2 spell: Repel Missiles
 13876 | D:9      | Learned a level 2 spell: Swiftness
 14323 | D:9      | Reached XP level 11. HP: 81/81 MP: 14/14
 14531 | Lair:1   | Entered Level 1 of the Lair of Beasts
 14580 | Lair:1   | Reached ***** piety under Makhleb
 14922 | Lair:1   | Reached skill level 13 in Unarmed Combat
 15413 | Lair:1   | Noticed a six-headed hydra
 16428 | Lair:1   | Killed a six-headed hydra
 16446 | Lair:1   | Noticed Erica
 16474 | Lair:1   | Killed Erica
 16480 | Lair:1   | Reached skill level 14 in Unarmed Combat
 16606 | Lair:2   | Reached skill level 1 in Evocations
 17405 | Lair:2   | Reached skill level 5 in Evocations
 17616 | Lair:3   | Noticed a four-headed hydra
 17644 | Lair:2   | Reached skill level 1 in Armour
 17654 | Lair:2   | Killed a four-headed hydra
 17932 | Lair:3   | Reached XP level 12. HP: 79/88 MP: 15/15
 19816 | Lair:3   | Noticed Fannar
 20036 | Lair:3   | Killed Fannar
 20277 | Lair:3   | Reached skill level 10 in Stealth
 20726 | Lair:4   | Reached skill level 5 in Invocations
 21949 | Lair:5   | Noticed a five-headed hydra
 22539 | Lair:4   | Reached ****** piety under Makhleb
 22571 | Lair:4   | Reached skill level 15 in Unarmed Combat
 22666 | Lair:5   | Found a staircase to the Snake Pit.
 22848 | Lair:5   | Killed a five-headed hydra
 22957 | Lair:5   | Reached XP level 13. HP: 94/99 MP: 17/17
 23463 | Lair:6   | Found a deep blue altar of Sif Muna.
 23512 | Lair:6   | Found a viscous altar of Jiyva.
 23529 | Lair:6   | Noticed Snorg
 23565 | Lair:6   | Found a labyrinth entrance.
 23609 | Lab      | Entered a labyrinth
 24482 | Lab      | Got a warped glaive
 24482 | Lab      | Got a spiked helmet
 24963 | Lair:6   | Killed Snorg
 25073 | Lair:6   | Found a staircase to the Slime Pits.
 25111 | Lair:6   | Identified the +2 helmet of Submission {rPois Regen+ rCorr Str-2} (You found it in a labyrinth)
 25380 | Lair:6   | Found a staircase to the Shoals.
 25460 | Lair:6   | Reached skill level 10 in Fighting
 26893 | Lair:6   | Reached skill level 1 in Throwing
 27709 | Lair:7   | Reached skill level 10 in Dodging
 27737 | Lair:7   | Noticed Rupert
 27791 | Lair:7   | Killed Rupert
 28192 | D:10     | Entered Level 10 of the Dungeon
 29065 | D:10     | Noticed Grum
 29090 | D:10     | Killed Grum
 29222 | D:10     | Reached XP level 14. HP: 92/110 MP: 19/19
 29405 | D:10     | Found a staircase to the Orcish Mines.
 29839 | Orc:1    | Entered Level 1 of the Orcish Mines
 30046 | Orc:1    | Found Plog's Food Emporium.
 30084 | Orc:1    | Found a roughly hewn altar of Beogh.
 31253 | Orc:3    | Found a burning altar of Makhleb.
 32472 | Snake:1  | Entered Level 1 of the Snake Pit
 32572 | Snake:1  | Got a ripped robe
 32583 | Snake:1  | Identified the +1 robe of Hor Wute {rPois} (You found it on level 1 of the Snake Pit)
 32913 | Snake:1  | Slain by an anaconda

Action                   |  1- 3 |  4- 6 |  7- 9 | 10-12 | 13-15 || total
-------------------------+-------+-------+-------+-------+-------++-------
Melee: Unarmed           |   103 |   244 |   518 |  1240 |  1094 ||  3199
 Fire: Blowgun           |       |       |       |    11 |    85 ||    96
Throw: Stone             |    34 |    29 |    22 |    50 |    14 ||   149
       Javelin           |       |       |    42 |    18 |    59 ||   119
 Cast: Animate Skeleton  |       |       |       |     5 |       ||     5
Invok: Lesser Servant of |       |       |       |     2 |     2 ||     4
 Abil: Bat Form          |       |     1 |     2 |     5 |     6 ||    14
       End Transformatio |       |     1 |     2 |     5 |     5 ||    13
Evoke: Wand              |       |     4 |    10 |    19 |    13 ||    46
  Use: Potion            |     1 |     4 |     6 |    11 |    10 ||    32
       Scroll            |       |       |    12 |     7 |    15 ||    34
 Stab: Sleeping          |     9 |     8 |     8 |    20 |    21 ||    66
       Confused          |       |     1 |     5 |       |     1 ||     7
       Distracted        |       |       |       |     2 |    11 ||    13
       Paralysed         |       |       |       |     3 |       ||     3
